 Dungeon Crawl Stone Soup version 0.30.1-3-gfc49f6343a (webtiles) character file.

Game seed: 1122952972577157424

4747 hahagava the Zephyrmancer (level 10, -15/69 HPs)
             Began as a Yellow Draconian Air Elementalist on July 18, 2023.
             Was a Follower of Qazlal.
             Demolished by a tengu warrior
             ... wielding a +0 great mace
              (17 damage)
             ... on level 9 of the Dungeon.
             The game lasted 00:28:05 (10615 turns).

hahagava the Zephyrmancer (DrAE)                   Turns: 10615, Time: 00:28:08

Health: -15/69     AC: 11    Str: 11    XL:     10   Next: 23%
Magic:  15/18      EV: 14    Int: 27    God:    Qazlal [*.....]
Gold:   353        SH:  0    Dex: 11    Spells: 6/20 levels left

rFire   . . .        u - +7 flail of Huovo {freeze, Int+7}
rCold   . . .        (no shield)
rNeg    . . .        (body armour unavailable)
rPois   .            (helmet restricted)
rElec   .            b - +1 cloak
rCorr   +            (no gloves)
SInv    .            r - +1 pair of boots {rampage}
Will    .....        (no amulet)
Stlth   +            (no ring)
HPRegen 0.31/turn    (no ring)
MPRegen 0.16/turn

%: rampage
@: confused, ambrosia-drunk
A: spit acid, AC +7, unfitting armour, cold-blooded, acid resistance
a: Breathe Acid, Renounce Religion


You were on level 9 of the Dungeon.
You worshipped Qazlal.
Qazlal was aware of your devotion.
You visited 1 branch of the dungeon, and saw 9 of its levels.

You collected 353 gold pieces.

Inventory:

Hand Weapons
 h - a +3 whip of draining
 u - the +7 flail of Huovo (weapon) {freeze, Int+7}
   (You found it on level 7 of the Dungeon)

   Int:       It affects your intelligence (+7).
Missiles
 k - 3 silver boomerangs
Armour
 b - a +1 cloak (worn)
 r - a +1 pair of boots of rampaging (worn)
Magical Staves
 n - a staff of air
Jewellery
 j - a ring of positive energy
 o - a ring of resist corrosion
 q - a ring of flight
 z - an amulet of magic regeneration
Wands
 i - a wand of mindburst (15)
 t - a wand of digging (11)
 y - a wand of flame (40)
 A - a wand of paralysis (7)
 C - a wand of polymorph (13)
Scrolls
 c - a scroll of amnesia
 g - 4 scrolls of teleportation
 l - a scroll of identify
 m - a scroll of fear
 B - a scroll of enchant armour
 D - a scroll of acquirement {unknown}
Potions
 a - a potion of magic
 d - 2 potions of flight
 e - 8 potions of curing
 f - 2 potions of ambrosia
 p - 3 potions of invisibility
 s - 4 potions of might
 v - a potion of attraction
 w - a potion of lignification
 x - 2 potions of mutation


   Skills:
 * Level 8.2 Dodging
 - Level 1.7 Stealth
 + Level 5.9 Spellcasting
 - Level 4.0 Conjurations
 + Level 4.3 Summonings
 * Level 9.3 Air Magic


You had 6 spell levels left.
You knew the following spells:

 Your Spells              Type           Power      Damage    Failure   Level
a - Shock                 Conj/Air       100%       1d9       1%          1
b - Static Discharge      Conj/Air       88%        2-6/arc   1%          2
c - Swiftness             Air            55%        N/A       1%          3
d - Airstrike             Air            27%        2d(4-20)  1%          4
e - Summon Lightning Spi  Summ/Air       44%        N/A       4%          4

Your spell library contained the following spells:

 Spells                   Type           Power      Damage    Failure   Level
 Sublimation of Blood     Necr           7%         N/A       10%         2
 Petrify                  Tmut/Erth      7%         N/A       54%         4
 Irradiate                Conj/Tmut      9%         3d14      63%         5
 Metabolic Englaciation   Hex/Ice        3%         N/A       88%         5
 Statue Form              Tmut/Erth      4%         N/A       100%        6


Dungeon Overview and Level Annotations

Branches:
Dungeon (9/15)             Temple (0/1) D:7
   Lair: D:8-11         Orc: D:9-12

Altars:
Cheibriados
Dithmenos
Elyvilon
Gozag
Hepliaklqana
Kikubaaqudgha
Makhleb
Qazlal
Uskayaw
Wu Jian

Shops:
D:1 =   D:9 *

Annotations:
D:4 Grinder


Innate Abilities, Weirdness & Mutations

You can spit globs of acid.
Your golden yellow scales are hard. (AC +7)
You cannot fit into any form of body armour.
You are cold-blooded and may be slowed by cold attacks.
You are resistant to acid. (rCorr)


Message History

The acid corrodes the centaur simulacrum!
The centaur simulacrum vaporises!
Qazlal accepts your kill.
You start resting.
You have got your breath back.
A tengu warrior comes into view. It is wielding a +0 great mace.
The tengu warrior shouts!
Things that are here:
a +0 dagger; a +0 robe You hear the loud creaking of a portcullis very nearby.
A manticore comes into view.
There is an open door here.
You close the door.
Something unseen breaks down the door.
Found 5 poisoned darts.
As you read the scroll of fear, it crumbles to dust.
You assume a fearsome visage.
The tengu warrior resists with some effort.
The tengu warrior hits you with a +0 great mace!
* * * LOW HITPOINT WARNING * * *
The tengu warrior pecks you but does no damage.
The tengu warrior claws you.
* * * LOW HITPOINT WARNING * * *
Okay, then.
Okay, then.
Okay, then.
Okay, then.
You are confused.
You feel invigorated. The tengu warrior closely misses you.
The tengu warrior pecks you.
* * * LOW HITPOINT WARNING * * *
The tengu warrior claws you but does no damage.
You barely miss the tengu warrior.
The tengu warrior hits you with a +0 great mace!
* * * LOW HITPOINT WARNING * * *
The tengu warrior pecks you but does no damage.
The tengu warrior claws you.
* * * LOW HITPOINT WARNING * * *
The tengu warrior hits you with a +0 great mace!
You die...

.... #..#
).####..#
..Q..'..#
...).#.##
...###.#####
.#...#.....#######
.#.#.#...........#
.#####.).≈~~≈~~~.#
.# #...)≈#####Q@#
.# #.##.)# #~.# .#
#. #.~). #~.# ##
#. #.~#.. #≈.# ..
..~#####≈.#
.....~~ ~~(# ...#
#####


You could see a tengu warrior.

Vanquished Creatures
  A deep elf pyromancer (D:9)
  A troll (D:9)
  A wyvern (D:9)
  4 steam dragons
  Menkaure (D:6)
  A water moccasin (D:8)
  A black bear (D:6)
  2 sky beasts (D:7)
  2 ice beasts (D:8)
  2 centaurs
  2 ogres
  A phantom (D:6)
  A gnoll sergeant (D:8)
  A kobold brigand (D:9)
  2 bullfrogs
  5 scorpions
  5 killer bees (D:8)
  4 howler monkeys
  A hound (D:6)
  2 jellies
  2 orc priests
  A sleepcap (D:5)
  8 orc wizards
  4 iguanas
  A centaur simulacrum (D:9)
  Robin (D:4)
  3 gnolls (D:8)
  7 adders
  A shadow imp (D:8)
  2 white imps
  An ufetubus (D:5)
  3 worms
  A dart slug (D:1)
  19 orcs
  2 endoplasms (D:2)
  5 giant cockroaches
  20 goblins
  13 hobgoblins
  13 kobolds
  6 quokkas
  5 ball pythons
  6 bats
  A frilled lizard (D:2)
  4 rats
169 creatures vanquished.

Vanquished Creatures (collateral kills)
  A two-headed ogre (D:9)
  2 gnolls (D:8)
  4 goblins (D:9)
  A kobold (D:9)
8 creatures vanquished.

Grand Total: 177 creatures vanquished

Notes
Turn   | Place    | Note
-------+----------+-------------------------------------------
     0 | D:1      | hahagava the Draconian Air Elementalist began the quest for
                  | the Orb.
     0 | D:1      | Reached XP level 1. HP: 14/14 MP: 3/3
   333 | D:1      | Reached XP level 2. HP: 20/20 MP: 3/5
   419 | D:1      | Found Ufaduug's Jewellery Shop.
   934 | D:1      | Found a faded altar of an unknown god.
   984 | D:1      | Learned a level 2 spell: Static Discharge
  1005 | D:2      | Reached XP level 3. HP: 22/26 MP: 2/6
  1556 | D:2      | Learned a level 3 spell: Swiftness
  2018 | D:2      | Reached XP level 4. HP: 32/33 MP: 2/7
  2522 | D:3      | Reached skill level 4 in Air Magic
  3067 | D:3      | Reached XP level 5. HP: 38/38 MP: 2/9
  3264 | D:4      | Noticed a black bear
  3557 | D:4      | Noticed Grinder
  3594 | D:4      | Paralysed by Grinder for 4 turns
  3600 | D:4      | Paralysed by Grinder for 3 turns
  3876 | D:4      | Noticed Robin
  3890 | D:4      | Killed Robin
  4024 | D:4      | Noticed a lemure
  4026 | D:4      | Noticed a lemure
  4286 | D:5      | Entered Level 5 of the Dungeon
  4534 | D:5      | Reached XP level 6. HP: 23/45 MP: 0/10
  4662 | D:5      | Found an ornate altar of the Wu Jian Council.
  4663 | D:5      | Found a hazy altar of Hepliaklqana.
  4773 | D:5      | Learned a level 4 spell: Airstrike
  4933 | D:5      | Reached skill level 5 in Air Magic
  5324 | D:5      | Found an ancient bone altar of Kikubaaqudgha.
  5326 | D:5      | Found a shadowy altar of Dithmenos.
  5457 | D:6      | Your scales start taking on a golden yellow colour.
  5457 | D:6      | Reached XP level 7. HP: 50/50 MP: 6/11
  5457 | D:6      | Gained mutation: You are resistant to acid. (rCorr) [Yellow
                  | Draconian growth]
  5609 | D:6      | Found a stormy altar of Qazlal.
  5612 | D:6      | Noticed Menkaure
  5619 | D:6      | Became a worshipper of Qazlal Stormbringer
  5623 | D:6      | Killed Menkaure
  5848 | D:6      | Found a white marble altar of Elyvilon.
  6219 | D:6      | Noticed a steam dragon
  6238 | D:6      | Reached skill level 5 in Dodging
  6238 | D:6      | Reached skill level 6 in Air Magic
  6247 | D:6      | Killed a steam dragon
  6248 | D:6      | Reached XP level 8. HP: 19/57 MP: 1/13
  6831 | D:6      | Learned a level 4 spell: Summon Lightning Spire
  7502 | D:7      | Identified the +7 flail of Huovo {freeze, Int+7}
  7510 | D:7      | Reached skill level 1 in Summonings
  7625 | D:7      | Reached skill level 7 in Air Magic
  7863 | D:7      | Reached XP level 9. HP: 54/62 MP: 7/16
  7866 | D:7      | Reached * piety under Qazlal
  8211 | D:7      | Found a staircase to the Ecumenical Temple.
  9001 | D:8      | Reached skill level 5 in Spellcasting
  9001 | D:8      | Reached skill level 8 in Air Magic
  9329 | D:8      | Found a burning altar of Makhleb.
  9341 | D:8      | Identified the +0 ring mail of the Scorching Gods {Will+
                  | Str+7}
 10043 | D:9      | Found Luj Elae's Assorted Antiques.
 10068 | D:9      | Found a snail-covered altar of Cheibriados.
 10089 | D:9      | Noticed a troll
 10090 | D:9      | Found an opulent altar of Gozag.
 10093 | D:9      | Killed a troll
 10195 | D:9      | Found a hide-covered altar of Uskayaw.
 10436 | D:9      | Noticed a two-headed ogre
 10443 | D:9      | Killed a two-headed ogre
 10444 | D:9      | Reached skill level 9 in Air Magic
 10444 | D:9      | Reached XP level 10. HP: 69/69 MP: 3/18
 10557 | D:9      | Noticed a deep elf pyromancer
 10565 | D:9      | Killed a deep elf pyromancer
 10592 | D:9      | Noticed a tengu warrior
 10597 | D:9      | Noticed a manticore
 10615 | D:9      | HP: 2/69 [tengu warrior/+0 great mace (2)]
 10615 | D:9      | Demolished by a tengu warrior

Illustrated notes

Levels and vault maps discovered:
D:1:      dpeg_arrival_renting, layout_basic,
          dilly_ecumenical_altar_fadedgnrine, serial_shops,
          nicolae_shop_gaudy_bauble
D:2:      cheibrodos_greedy_goblins, layout_basic
D:3:      layout_loops_ring, nicolae_kite_square_tiling_tiny,
          kennysheep_generic_room_15
D:4:      layout_basic, serial_shops, nicolae_shop_stone, uniq_grinder,
          uniq_pikel, uniq_robin
D:5:      layout_basic, nicolae_wu_jian_wuxing_cycle,
          nicolae_overflow_hidden_temple
D:6:      layout_basic, mainiacjoe_overflow_surrounded_room,
          mainiacjoe_overflow_alcove_1, uniq_menkaure
D:7:      minmay_angry_zag, layout_basic, temple_hall
D:8:      layout_loops_corners, mainiacjoe_overflow_boulevard
D:9:      minmay_the_grid_plus_closed [minmay_the_grid_tiny_cups,
          minmay_the_grid_large_cup, minmay_the_grid_armoury,
          minmay_the_grid_spikes, minmay_the_grid_prize_trominoes],
          layout_long_grid, nicolae_uskayaw_dance_hall,
          mainiacjoe_overflow_paths, grunt_gozag_statues,
          overflow_temple_1_default, david_lair_shrubbed, serial_shops, shop,
          enter_bailey_3, roderic_roman_lattice

Skill      XL: |  1  2  3  4  5  6  7  8  9 |
---------------+----------------------------+-----
Dodging        | 2 3 4 5 6 8 |  8.2
Air Magic      | 4 5 6 7 9 |  9.3
Conjurations   | 2 3 4 |  4.0
Spellcasting   | 3 4 5 |  5.9
Summonings     | 2 4 |  4.3
Stealth        | |  1.7

Action                     |  1- 3 |  4- 6 |  7- 9 | 10-12 || total
---------------------------+-------+-------+-------+-------++-------
  Melee: Unarmed           |     5 |       |       |       ||     5
         Whip              |    11 |       |       |       ||    11
         Tailslap          |     3 |    13 |    10 |     3 ||    29
         Staff             |     7 |    67 |    65 |       ||   139
         Punch             |     2 |     1 |       |       ||     3
         Flail             |       |       |    37 |    10 ||    47
   Cast: Shock             |    65 |   101 |   131 |     3 ||   300
         Static Discharge  |     2 |    13 |    14 |       ||    29
         Airstrike         |       |       |    26 |     5 ||    31
         Summon Lightning  |       |       |     6 |       ||     6
         Swiftness         |       |       |     1 |       ||     1
Ability: Breathe Acid      |       |       |     4 |     1 ||     5
    Use: Scroll            |       |       |    18 |     1 ||    19
         Potion            |       |       |     1 |     1 ||     2
   Stab: Sleeping          |       |     1 |       |       ||     1
 Armour: Skin              |    13 |    52 |    68 |     6 ||   139
  Dodge: Dodged            |    27 |   117 |   102 |    15 ||   261
  Block: Other             |       |       |       |     1 ||     1
